 Dungeon Crawl Stone Soup version 0.29-a0-275-g389c0b56f3 (webtiles) character file.

Game seed: 17458966756835504977

69339 Leszczynek the Warrior (level 15, 0/105 HPs)
             Began as a Gargoyle Artificer on Mar 8, 2022.
             Was the Champion of the Shining One.
             Slain by a broodmother (18 damage)
             ... on level 1 of the Spider Nest on Mar 9, 2022.
             The game lasted 01:21:17 (9961 turns).

Leszczynek the Warrior (Gargoyle Artificer)         Turns: 9961, Time: 01:21:18

Health: 0/105      AC: 26    Str: 28    XL:     15   Next: 29%
Magic:  24/24      EV: 12    Int:  8    God:    the Shining One [******]
Gold:   1563       SH:  6    Dex: 17    Spells: 14/14 levels left

rFire   + . .      SeeInvis +   a - +10 mace of the Heart {elec, Dex+3}
rCold   . . .      Faith    .   e - +0 buckler
rNeg    + + +      Spirit   .   M - +0 troll leather armour
rPois   ∞          Reflect  .   f - +1 helmet
rElec   +          Harm     .   A - +1 cloak of the Storm King {rF+ rCorr}
rCorr   +          Rampage  .   g - +2 pair of gloves
Will    +....                   k - +1 pair of boots
Stlth   +.........              (no amulet)
HPRegen 1.07/turn               T - ring of the Usurping Gods {Str+6 Int-5 Dex+4 SInv}
MPRegen 0.19/turn               (no ring)

@: flying, glowing
A: sickness immunity, AC +11, big wings, negative energy resistance 1,
electricity resistance, torment resistance 1, petrification resistance
a: Renounce Religion, Divine Shield, Cleansing Flame, Summon Divine Warrior,
Brand Weapon With Holy Wrath


You were on level 1 of the Spider Nest.
You worshipped the Shining One.
The Shining One was exalted by your worship.
You visited 4 branches of the dungeon, and saw 21 of its levels.
You also visited: Ice Cave.

You collected 1633 gold pieces.
You spent 70 gold pieces at shops.

Inventory:

Hand Weapons
 a - the +10 mace of the Heart (weapon) {elec, Dex+3}
   (You found it on level 3 of the Dungeon)

   It occasionally discharges a powerful burst of electricity upon striking a
   foe.
   Dex:       It affects your dexterity (+3).
 b - a +0 shortbow
 p - a +0 morningstar
 D - the +4 flail of Contradiction {venom, Str+2}
   (You found it on level 5 of the Dungeon)

   It poisons the flesh of those it strikes.
   Str:       It affects your strength (+2).
 I - a +4 dagger of distortion
Missiles
 q - 2 boomerangs
 y - 33 poisoned darts
 F - 5 silver javelins
 J - 5 javelins (quivered)
 Q - 5 curare-tipped darts
Armour
 e - a +0 buckler (worn)
 f - a +1 helmet (worn)
 g - a +2 pair of gloves (worn)
 k - a +1 pair of boots (worn)
 r - a +4 plate armour of fire resistance
 A - the +1 cloak of the Storm King (worn) {rF+ rCorr}
   (You found it in an ice cave)

   rF:        It protects you from fire.
   rCorr:     It protects you from acid and corrosion.
 M - a +0 troll leather armour (worn)
 U - a +1 plate armour of cold resistance
 V - a +0 kite shield
Jewellery
 E - a ring of resist corrosion
 G - a +6 ring of intelligence
 T - the ring of the Usurping Gods (left hand) {Str+6 Int-5 Dex+4 SInv}
   (You took it off a necromancer on level 12 of the Dungeon)

   [ring of strength]

   Str:       It affects your strength (+6).
   Int:       It affects your intelligence (-5).
   Dex:       It affects your dexterity (+4).
   SInv:      It lets you see invisible.
Wands
 c - a wand of flame (18)
 d - a wand of charming (4)
 m - a wand of mindburst (4)
 L - a wand of polymorph (7)
Scrolls
 h - 3 scrolls of immolation {!r}
 i - 7 scrolls of amnesia
 j - 3 scrolls of silence {!r}
 l - a scroll of teleportation
 s - a scroll of enchant weapon {unknown}
 u - 6 scrolls of fear
 x - 2 scrolls of fog
 B - a scroll of torment {unknown}
 H - 3 scrolls of magic mapping
 P - 2 scrolls of vulnerability {!r}
Potions
 o - 3 potions of curing {@q1}
 t - a potion of cancellation {unknown}
 v - 2 potions of might
 w - 6 potions of heal wounds {@q2}
 z - a potion of ambrosia {unknown}
 C - 4 potions of attraction
 K - a potion of mutation {unknown}
 N - 3 potions of brilliance
 O - 3 potions of lignification {unknown}
 R - a potion of magic {unknown}
 S - a potion of berserk rage {unknown}


   Skills:
 - Level 16.4 Fighting
 - Level 15.0 Maces & Flails
 - Level 6.5 Armour
 + Level 2.0 Dodging
 - Level 1.1 Stealth
 - Level 7.9 Shields
 - Level 12.0 Invocations
 - Level 8.0 Evocations


You had 14 spell levels left.
You didn't know any spells.
Your spell library contained the following spells:

 Spells                   Type           Power      Damage    Failure   Level
 Animate Skeleton         Necr           0%         N/A       52%         1
 Freeze                   Ice            0%         1d3       52%         1
 Pain                     Necr           0%         1d4       52%         1
 Slow                     Hex            0%         N/A       52%         1
 Summon Small Mammal      Summ           0%         N/A       52%         1
 Static Discharge         Conj/Air       0%         N/A       65%         2
 Call Canine Familiar     Summ           0%         N/A       87%         3
 Confusing Touch          Hex            0%         N/A       87%         3
 Dazzling Flash           Conj/Hex       0%         N/A       87%         3
 Frozen Ramparts          Ice            0%         1d2       87%         3
 Portal Projectile        Hex/Tloc       0%         N/A       87%         3
 Summon Guardian Golem    Hex/Summ       0%         N/A       87%         3
 Vampiric Draining        Necr           0%         2d6       87%         3
 Hailstorm                Conj/Ice       0%         3d3       99%         4
 Ice Form                 Ice/Tmut       0%         N/A       99%         4
 Iskenderun's Mystic Bla  Conj/Tloc      0%         2d3       99%         4
 Leda's Liquefaction      Hex/Erth       0%         N/A       99%         4
 Summon Lightning Spire   Summ/Air       0%         N/A       99%         4
 Alistair's Intoxication  Tmut/Pois      0%         N/A       100%        5
 Lightning Bolt           Conj/Air       0%         1d11      100%        5
 Dispersal                Tloc           0%         N/A       100%        6
 Simulacrum               Ice/Necr       0%         N/A       100%        6
 Starburst                Conj/Fire      0%         6d3       100%        6
 Storm Form               Tmut/Air       0%         N/A       100%        7
 Disjunction              Tloc           0%         N/A       100%        8
 Ignition                 Fire           0%         3d3       100%        8
 Maxwell's Capacitive Co  Air            0%         ∞         100%        8


Dungeon Overview and Level Annotations

Branches:
Dungeon (14/15)            Temple (0/1) D:7            Lair (3/6) D:8
 Spider (2/4) Lair:3          Orc (2/2) D:12            Elf (0/3) Orc:2
 Vaults (0/5) D:13          IceCv (visited)
  Swamp: Lair:2-4    Shoals: Lair:2-4

Altars:
Cheibriados
Dithmenos
Nemelex Xobeh
Okawaru
Qazlal
Ru
Xom
The Shining One

Shops:
Orc:2 :(*[

Annotations:
D:9 2 transporters (3 ?blink, sun demon, v ugly thing), NigelTetley's ghost, novice DECj
D:14 1 runed translucent door SONJA roaming!, Agnes; Kirke; robertstho's ghost, adept DjIE


Innate Abilities, Weirdness & Mutations

You are immune to sickness and miasma.
Your stone body is resilient. (AC +11)
You are immune to poison.
Your large and strong wings let you fly.
You resist negative energy. (rN+)
You are resistant to electric shocks. (rElec)
You are resistant to unholy torment.
You are immune to petrification.


Message History

A demonic crawler comes into view.
The broodmother bites you!
Unknown command.
The demonic crawler gives a hideous shriek!
You sock the broodmother!
Lightning courses through the broodmother!
The broodmother is severely wounded.
A moth of wrath comes into view.
Unknown command.
The moth of wrath's fur bristles in rage as it notices you.
The broodmother bites you but does no damage.
You block the broodmother's attack.
The demonic crawler shrieks in warning!
You hear an angry hiss.
You hear a shout!
You fly upwards.
There is a stone staircase leading down here.
Unknown command.
You hit the broodmother.
The broodmother is severely wounded.
The broodmother summons spiders!
You sock the broodmother!
The broodmother is severely wounded.
The broodmother bites you!
A spider bursts forth from the wound!
You sock the broodmother!
The broodmother is almost dead.
The redback barely misses you. The wolf spider closely misses you.
The wolf spider bites you!
You hit the broodmother.
The broodmother is almost dead.
The broodmother bites you!
* * * LOW HITPOINT WARNING * * *
The wolf spider completely misses you. You block the wolf spider's attack.
The redback bites you but does no damage.
The wolf spider hits you.
* * * LOW HITPOINT WARNING * * *
The wolf spider barely misses you.
You sock the broodmother!
The broodmother is almost dead.
The broodmother bites you!!
You die...

......## #..#.....##
.......## #....#[..#
........## ##...##.##
.####.#..### ##...####
.#...^.....###.....##
.##.........####....###
####...^..#######.....#
#####......###^###...##
≈≈≈#.......##..s@s...#
≈≈≈≈≈#..#..^#..ss....#
≈≈≈≈##.###......#..#..#
#≈##≈≈≈≈##.....######.#
≈≈≈≈≈≈≈≈ ##.#.## ##
≈≈≈≈#≈≈ ##### ≈≈≈≈≈≈###
#≈≈≈≈≈≈≈# ##≈≈≈≈≈≈#


You could see a broodmother, 2 wolf spiders and a redback (summoned).

Vanquished Creatures
  Donald (Spider:2)
  2 emperor scorpions
  A reaper (IceCv)
  A broodmother (Spider:2)
  2 entropy weavers (Spider:1)
  2 spark wasps
  An ettin (Orc:2)
  3 boulder beetles
  A vault guard (D:13)
  A two-headed ogre (D:11)
  2 hydras
  A radroach (Spider:2)
  2 centaur warriors (D:13)
  2 orc high priests (Orc:2)
  A steelbarb worm (Spider:1)
  2 wolf spider zombies (D:12)
  2 necromancers (D:12)
  4 orc knights (Orc:2)
  2 orc sorcerers (Orc:2)
  4 wolf spiders
  2 cyclopes
  A black mamba (Lair:2)
  3 manticores
  6 centaur zombies (D:12)
  3 torpor snails
  An ice statue (IceCv)
  An unseen horror (D:12)
  3 cane toads
  A gargoyle (D:11)
  8 centaur skeletons (D:12)
  Psyche (D:8)
  4 kobold demonologists
  A demonic crawler (Spider:1)
  An anaconda simulacrum (IceCv)
  An entropy weaver simulacrum (IceCv)
  5 komodo dragons
  8 trolls
  A polar bear (Lair:2)
  A wind drake (shapeshifter) (D:14)
  A hornet (D:14)
  8 slime creatures
  10 tarantellas
  5 blink frogs (Lair:2)
  A meliai zombie (D:12)
  5 culicivoras
  12 jumping spiders
  4 flying skulls (D:12)
  23 yaks
  4 wraiths
  A shadow (D:12)
  3 wyverns
  Eustachio (D:4)
  Grum (D:8)
  A hog (D:13)
  2 vampire mosquitoes (D:12)
  2 death yak simulacra (IceCv)
  23 redbacks
  A harpy simulacrum (IceCv)
  A swamp worm (Orc:2)
  2 wargs
  An acid dragon (D:10)
  Duvessa (D:5)
  6 water moccasins
  2 sky beasts
  21 orc warriors
  10 ogres
  6 wolves
  2 centaurs
  3 phantoms
  Blork the orc (D:5)
  7 kobold brigands
  A bullfrog (D:9)
  3 scorpions
  5 two-headed ogre simulacra (IceCv)
  2 gnoll sergeants (D:12)
  A cane toad simulacrum (IceCv)
  Dowan (D:5)
  13 wights
  11 killer bees
  2 elephant simulacra (IceCv)
  An electric eel (Spider:1)
  2 howler monkeys (D:12)
  3 hounds
  17 orc priests
  Crazy Yiuf (D:3)
  A gnoll shaman (D:4)
  An iguana (D:5)
  24 orc wizards
  3 polar bear simulacra (IceCv)
  6 spriggan simulacra (IceCv)
  5 troll simulacra (IceCv)
  2 wolf simulacra (IceCv)
  13 gnolls
  11 adders
  5 naga simulacra (IceCv)
  18 white imps
  8 ufetubi
  4 worms
  51 orcs
  4 endoplasms
  5 giant cockroaches
  8 goblins
  4 hobgoblins
  5 jackals (D:1)
  4 quokkas
  6 ball pythons
  4 bats
  4 frilled lizards
  15 kobolds
  2 rats
536 creatures vanquished.

Vanquished Creatures (collateral kills)
  Frances (Spider:2)
  An orc warlord (Orc:2)
  A centaur warrior (D:13)
  2 orc high priests (Orc:2)
  An orb spider (Spider:2)
  2 orc sorcerers (Orc:2)
  An orc knight (Orc:2)
  An ugly thing (D:13)
  A moth of wrath (Spider:2)
  2 anaconda simulacra (IceCv)
  A redback (Spider:2)
  A death yak simulacrum (IceCv)
  9 orc warriors (Orc:2)
  A two-headed ogre simulacrum (IceCv)
  2 orc priests (Orc:2)
  4 orc wizards (Orc:2)
  A spriggan simulacrum (IceCv)
  A wolf simulacrum (IceCv)
  7 orcs (Orc:2)
  A jackal (D:1)
41 creatures vanquished.

Vanquished Creatures (others)
  A sky beast (D:8)
  A gnoll (D:4)
  2 orcs
  A hobgoblin (D:1)
  2 fungi (D:14)
  28 plants
35 creatures vanquished.

Grand Total: 612 creatures vanquished

Notes
Turn   | Place    | Note
-------+----------+-------------------------------------------
     0 | D:1      | Leszczynek the Gargoyle Artificer began the quest for the
                  | Orb.
     0 | D:1      | Reached XP level 1. HP: 12/12 MP: 1/1
   101 | D:1      | Reached skill level 1 in Maces & Flails
   101 | D:1      | Reached XP level 2. HP: 14/16 MP: 2/2
   167 | D:1      | Got the Compendium of Shape Shifting and Fire
   363 | D:1      | Found a faded altar of an unknown god.
   376 | D:1      | Prayed at the altar of an unknown god.
   376 | D:1      | Became a worshipper of the Shining One
   376 | D:1      | Reached * piety under the Shining One
   377 | D:1      | ayyyyyy
   390 | D:1      | Reached skill level 3 in Evocations
   390 | D:1      | Reached XP level 3. HP: 18/21 MP: 3/3
   518 | D:2      | Reached skill level 2 in Maces & Flails
   538 | D:2      | Reached skill level 2 in Fighting
   634 | D:2      | Reached XP level 4. HP: 20/26 MP: 4/4
   780 | D:3      | Reached skill level 3 in Maces & Flails
  1032 | D:4      | Noticed an ogre
  1037 | D:4      | Killed an ogre
  1038 | D:4      | Reached skill level 4 in Maces & Flails
  1038 | D:4      | Reached XP level 5. HP: 26/30 MP: 5/5
  1039 | D:4      | Noticed Eustachio
  1048 | D:5      | Entered Level 5 of the Dungeon
  1050 | D:5      | Noticed a sky beast
  1065 | D:5      | Killed a sky beast
  1066 | D:5      | Reached skill level 5 in Maces & Flails
  1066 | D:5      | Reached XP level 6. HP: 20/36 MP: 6/6
  1086 | D:5      | Reached skill level 3 in Fighting
  1087 | D:5      | HP: 6/37 [hound (5)]
  1314 | D:5      | Reached XP level 7. HP: 32/41 MP: 4/7
  1342 | D:5      | Reached skill level 6 in Maces & Flails
  1416 | D:5      | Noticed Duvessa
  1416 | D:5      | Noticed Dowan
  1432 | D:4      | Reached ** piety under the Shining One
  1449 | D:4      | Reached skill level 4 in Fighting
  1449 | D:4      | Reached skill level 1 in Invocations
  1466 | D:3      | Found a shadowy altar of Dithmenos.
  1619 | D:4      | Killed Eustachio
  1620 | D:4      | Reached skill level 2 in Invocations
  1620 | D:4      | Reached skill level 4 in Evocations
  1645 | D:4      | Reached skill level 3 in Invocations
  1645 | D:4      | Reached XP level 8. HP: 41/48 MP: 10/10
  1757 | D:3      | Found a runed translucent door.
  1758 | D:3      | Noticed Crazy Yiuf
  1854 | D:3      | Killed Crazy Yiuf
  1862 | D:3      | Identified the +8 mace of Circularity {freeze, *Corrode
                  | Str+3 Dex+3 Stlth+}
  1863 | D:3      | Identified the +10 mace of the Heart {elec, Dex+3}
  1864 | D:3      | XD
  1864 | D:3      | jesus christ yiuf
  1864 | D:3      | you crazy bastard
  2002 | D:4      | Found a snail-covered altar of Cheibriados.
  2002 | D:4      | Found a sparkling altar of Nemelex Xobeh.
  2074 | D:5      | Killed Duvessa
  2075 | D:5      | Killed Dowan
  2076 | D:5      | Reached skill level 7 in Maces & Flails
  2239 | D:6      | Reached skill level 5 in Fighting
  2393 | D:5      | Reached skill level 8 in Maces & Flails
  2412 | D:5      | Noticed Blork the orc
  2422 | D:5      | Killed Blork the orc
  2441 | D:5      | Reached XP level 9. HP: 51/55 MP: 9/11
  2446 | D:5      | Reached skill level 6 in Fighting
  2477 | D:5      | Identified the +4 flail of Contradiction {venom, Str+2}
  2551 | D:6      | Reached skill level 9 in Maces & Flails
  2717 | D:7      | Found a staircase to the Ecumenical Temple.
  2785 | D:7      | Found a stormy altar of Qazlal.
  2812 | D:8      | Noticed a troll
  2821 | D:8      | Killed a troll
  2822 | D:8      | Reached skill level 4 in Invocations
  2844 | D:8      | Found a sacrificial altar of Ru.
  2949 | D:9      | Reached skill level 1 in Dodging
  2961 | D:9      | Reached skill level 7 in Fighting
  2968 | D:9      | Found a transporter.
  2975 | D:9      | Noticed a red ugly thing
  2977 | D:9      | Noticed a sun demon
  2978 | D:9      | Noticed a green very ugly thing
  2978 | D:9      | nope
  2983 | D:9      | Noticed an ancient zyme
  2999 | D:8      | Noticed Psyche
  3010 | D:8      | Killed Psyche
  3011 | D:8      | Reached skill level 3 in Armour
  3011 | D:8      | Reached skill level 5 in Evocations
  3037 | D:8      | Noticed Grum
  3055 | D:8      | Killed Grum
  3056 | D:8      | Reached XP level 10. HP: 29/63 MP: 9/13
  3075 | D:8      | Found a staircase to the Lair.
  3114 | D:8      | Reached skill level 10 in Maces & Flails
  3362 | D:9      | Found a transporter.
  3366 | D:9      | Noticed a toenail golem
  3399 | D:9      | Noticed NigelTetley's ghost (novice DECj)
  3447 | D:10     | Entered Level 10 of the Dungeon
  3567 | D:10     | Reached *** piety under the Shining One
  3585 | D:10     | Reached skill level 2 in Dodging
  3642 | D:10     | Reached skill level 8 in Fighting
  3656 | D:10     | Reached skill level 6 in Evocations
  3669 | D:10     | Reached skill level 11 in Maces & Flails
  3755 | D:10     | Found a shimmering altar of Xom.
  3774 | D:10     | Found a stormy altar of Qazlal.
  3774 | D:10     | Found a shimmering altar of Xom.
  3776 | D:10     | Found a sacrificial altar of Ru.
  3776 | D:10     | Found an iron altar of Okawaru.
  3776 | D:10     | Found a shadowy altar of Dithmenos.
  3797 | D:10     | Reached skill level 5 in Invocations
  3804 | D:10     | Reached XP level 11. HP: 38/69 MP: 14/14
  3810 | D:10     | Reached skill level 9 in Fighting
  3813 | D:10     | HP: 13/71 [yak (4)]
  4155 | D:11     | Noticed a two-headed ogre
  4167 | D:11     | Killed a two-headed ogre
  4239 | D:12     | Reached skill level 12 in Maces & Flails
  4261 | D:12     | Found a staircase to the Orcish Mines.
  4261 | D:12     | Noticed a boulder beetle
  4286 | D:12     | Killed a boulder beetle
  4287 | D:12     | Reached skill level 1 in Shields
  4293 | D:12     | Reached skill level 2 in Shields
  4293 | D:12     | Reached skill level 6 in Invocations
  4446 | D:11     | You fall into a shaft and drop 2 floors!
  4446 | D:13     | Noticed a vault guard
  4446 | D:13     | Noticed a vault guard
  4446 | D:13     | Noticed a vault guard
  4446 | D:13     | Noticed a vault guard
  4446 | D:13     | Noticed a vault guard
  4446 | D:13     | Noticed a vault guard
  4446 | D:13     | Noticed a vault guard
  4446 | D:13     | Noticed a vault guard
  4446 | D:13     | Found a gate to the Vaults.
  4447 | D:13     | XD
  4454 | D:13     | at least i didn't fall in the middle of them
  4486 | D:13     | Reached skill level 3 in Shields
  4523 | D:13     | Noticed a boulder beetle
  4544 | D:13     | Killed a boulder beetle
  4589 | D:13     | Reached skill level 4 in Shields
  4622 | D:13     | Noticed a manticore
  4656 | D:13     | Killed a manticore
  4676 | D:13     | Noticed a centaur warrior
  4676 | D:13     | Noticed a white ugly thing
  4677 | D:13     | ;_;
  4678 | D:13     | HP: 7/72 [centaur warrior/arrow (11)]
  4680 | D:13     | 47% plz
  4680 | D:13     | 4th attempt
  4685 | D:13     | Killed a white ugly thing
  4745 | D:13     | plz don't find me again
  4777 | D:13     | Killed a centaur warrior
  4778 | D:13     | Reached skill level 10 in Fighting
  4778 | D:13     | Reached skill level 5 in Shields
  4780 | D:13     | fuck you too
  4818 | D:13     | Noticed a centaur warrior
  4819 | D:13     | Noticed a centaur warrior
  4820 | D:13     | ...
  4826 | D:13     | Killed a centaur warrior
  4827 | D:13     | Reached skill level 7 in Invocations
  4842 | D:13     | Killed a centaur warrior
  4884 | D:13     | the stairs are nowhere far away from vault guards
  4884 | D:13     | so now it's down to luck
  4918 | D:13     | Reached XP level 12. HP: 62/78 MP: 14/17
  4990 | D:12     | Noticed a soul eater
  5211 | D:12     | Reached **** piety under the Shining One
  5237 | D:12     | Reached skill level 11 in Fighting
  5237 | D:12     | Reached skill level 13 in Maces & Flails
  5237 | D:12     | Reached skill level 8 in Invocations
  5333 | D:12     | Identified the ring of the Usurping Gods {Str+6 Int-5 Dex+4
                  | SInv}
  5364 | D:12     | lol
  5364 | D:12     | nice int
  5396 | D:12     | what an amazing tso vault
  5476 | D:12     | Reached skill level 9 in Invocations
  5529 | D:12     | Reached skill level 14 in Maces & Flails
  5624 | D:14     | Reached skill level 7 in Evocations
  5642 | D:14     | Found a runed translucent door.
  5642 | D:14     | Noticed robertstho's ghost (adept DjIE)
  5647 | D:14     | Identified the +3 spear of Doheec {drain, rN+}
  5649 | D:14     | Noticed a tengu warrior
  5654 | D:14     | a tengu warrior changed into a hornet
  5661 | D:14     | note to self: tengu warriors are valid target for polymorph
  5661 | D:14     | just make sure they're alone or a golden eye will confuse
                  | you to deaht
  5664 | D:14     | Noticed Agnes
  5664 | D:14     | Reached ***** piety under the Shining One
  5667 | D:14     | s...sonja? :d
  5675 | D:13     | Reached XP level 13. HP: 84/84 MP: 20/20
  5687 | D:13     | Killed a vault guard
  5759 | D:14     | Noticed Kirke
  5810 | D:13     | Reached skill level 12 in Fighting
  5906 | Orc:1    | Entered Level 1 of the Orcish Mines
  5977 | Orc:2    | Entered Level 2 of the Orcish Mines
  6012 | Orc:2    | Reached skill level 10 in Invocations
  6148 | Orc:2    | Paralysed by an orc sorcerer for 5 turns
  6221 | Orc:2    | wew
  6241 | Orc:2    | Reached skill level 4 in Armour
  6485 | Orc:2    | Noticed an ettin
  6662 | Orc:2    | Reached skill level 8 in Evocations
  6724 | Orc:2    | Noticed an orc warlord
  6759 | Orc:2    | Killed an orc warlord
  6811 | Orc:2    | Reached skill level 13 in Fighting
  6822 | Orc:2    | Reached skill level 5 in Armour
  6845 | Orc:2    | Found Meiffup's General Store.
  6847 | Orc:2    | Found Otaf Ash's Book Emporium.
  6849 | Orc:2    | Found Tesun's Antique Armour Shoppe.
  6849 | Orc:2    | Found Rupuc's Antique Weapon Shoppe.
  6920 | Orc:2    | it's absolutely awful
  6929 | Orc:2    | and the one good thing i can't afford
  6929 | Orc:2    | Bought a potion of curing for 42 gold pieces
  6929 | Orc:2    | Bought a scroll of identify for 28 gold pieces
  7045 | Orc:2    | Killed an ettin
  7046 | Orc:2    | Reached skill level 11 in Invocations
  7239 | Orc:2    | Gained mutation: Your large and strong wings let you fly.
                  | [Gargoyle growth]
  7239 | Orc:2    | Reached XP level 14. HP: 62/94 MP: 22/22
  7376 | Orc:2    | Found a staircase to the Elven Halls.
  7533 | D:9      | Reached skill level 6 in Armour
  7588 | Lair:1   | Entered Level 1 of the Lair of Beasts
  7722 | Lair:2   | Reached skill level 14 in Fighting
  7903 | Lair:2   | Found a frozen archway.
  7914 | IceCv    | Entered an ice cave
  8091 | IceCv    | ...
  8114 | IceCv    | Identified the +1 cloak of the Storm King {rF+ rCorr}
  8115 | IceCv    | wrong resistance lol
  8175 | IceCv    | Reached ****** piety under the Shining One
  8271 | IceCv    | second rcorr thing here
  8271 | IceCv    | how about rc lol
  8380 | IceCv    | Noticed a reaper
  8388 | IceCv    | Killed a reaper
  8435 | IceCv    | impressively useless shit
  8436 | IceCv    | only an rc plate
  8443 | IceCv    | ring of intelligence woohoo
  8443 | IceCv    | but at least i got a lot of piety i guess
  8534 | Lair:2   | Upgraded the game from 0.29-a0-271-gd4eb659eea to
                  | 0.29-a0-275-g389c0b56f3
  8547 | Lair:1   | You are sucked into a shaft and drop 1 floor!
  8817 | Lair:3   | Found a hole to the Spider Nest.
  8829 | Spider:1 | Entered Level 1 of the Spider Nest
  8974 | Spider:1 | Noticed an entropy weaver
  8997 | Spider:1 | Killed an entropy weaver
  9055 | Spider:1 | Noticed an entropy weaver
  9068 | Spider:1 | Killed an entropy weaver
  9101 | Spider:1 | Noticed an emperor scorpion
  9120 | Spider:1 | Killed an emperor scorpion
  9121 | Spider:1 | Reached skill level 12 in Invocations
  9152 | Spider:1 | Identified the +9 scale mail "Boipna" {Rampage rElec Will-
                  | Str+4}
  9169 | Spider:1 | Reached skill level 6 in Shields
  9213 | Spider:1 | Reached skill level 15 in Fighting
  9261 | Spider:2 | Noticed a broodmother
  9383 | Spider:1 | Reached skill level 15 in Maces & Flails
  9391 | Spider:2 | Noticed Donald
  9392 | Spider:2 | ummm
  9392 | Spider:2 | Noticed Frances
  9505 | Spider:2 | uhhhhhh
  9505 | Spider:2 | jesus this hurts
  9505 | Spider:2 | (irradiate)
  9505 | Spider:2 | >!!!
  9607 | Spider:2 | Noticed an emperor scorpion
  9632 | Spider:2 | Killed an emperor scorpion
  9633 | Spider:2 | Reached XP level 15. HP: 98/103 MP: 21/24
  9676 | Spider:2 | Reached skill level 7 in Shields
  9686 | Spider:2 | relec my ass
  9731 | Spider:2 | Killed Donald
  9732 | Spider:2 | Reached skill level 16 in Fighting
  9769 | Spider:2 | Killed Frances
  9797 | Spider:2 | Ouch! That really hurt!
  9798 | Spider:2 | !!! ood from 3 tiles away, okay
  9960 | Spider:1 | HP: 18/105 [wolf spider[a broodmother] (5)]
  9961 | Spider:1 | Slain by a broodmother

Illustrated notes #. #..............# #. ##.......#####.# #. +.............. #.###.......##....# . #.#.†.......#....## ... #..8...######...... ....##......# ...... ....8.8.8.8.# #..... .......@....# #..... ....8.8...8.# ...... ....##...#### ...... ... ..... ...... .. #...... ...#.. # #....... ...#.. #.......# .. #.. #.......# #.. #.. Turn 377 on D:1: ayyyyyy ##### #).)# ####### #)@)# ....... #)))# ####### ##)## #..... ♣)♣♣ #.###.##.. ♣♣)♣ #......... ♣)♣♣ #.###.##.. ♣♣)♣ #.#### ♣♣)♣♣ ... #.# # ♣♣..)♣ #..# #.# # Turn 1864 on D:3: XD #...######.........###. # #....###.## #....#.### #....#.# #....##.# .#+####.....# .. ............## .# #. ..#....##....##.#3#.. ....<..##....@#x.x# ##............#u##.# ............### .# ..###.......# !. . ###....## #? ..#...# # .#.....# ###... #.. Turn 2978 on D:9: nope #.# #.# #.# ##.## ###ppp### ..p∩p.. #ppp# #@# #.# #.# #.# #.# #.. ### Turn 4447 on D:13: XD ##.. .... ..... ..... ...... ......# ....$..## .......@# ##.[.......# ###..../..# ##.....## ###...# ###.. ..# ..# Turn 4454 on D:13: at least i didn't fall in the middle of them . ##.####..... ##.## ###[.. ##.## #... ##..# #... ##..## ##... ##..## #.... ##..## #..## ##..###########..# #.@##.......##...# #............ #..## .............. ##..# ............... #...# ..............# #..## ..............## #..# u...##.........###..# ..#c ###........#..## ###.[.......# Turn 4677 on D:13: ;_; . ##.####..... ##.## ###[.. ##.## #... ##..# #... ##..## ##... ##..## #.... ##..## #..## ##..###########..# #.@##.......##...# #............ #..## .............. ##..# ............... #...# ...u..........# #..## ..............## #..# ....##.........###..# ..#c ###........#..## ###.[.......# Turn 4680 on D:13: 47% plz ## .## ..# ####### ..# ##.....# ..# ##......# ..# #.......# .## #.......# ).# #......# #.## #@.....# #..# ###....## ##.############...#### #))......##...#### ##.####........# #.## ###[.....# .## #.....## .# #....## ## ##....# Turn 4745 on D:13: plz don't find me again ##..## #..### ##..###########..# #..##.......##...# #............ #..## .............. ##..# ....c.......... #...# ..............# #..## ..............## #..# ....##........@###..# ..#. ###........#..## ###.[.......# ###.......# ##.....## ###...# ###..# #..# #..# Turn 4780 on D:13: fuck you too #.# #.# ####.# ##..#.# ##...#.# ##....#.# #.....#.# ##....c#.# #.....c@.# ########## Turn 4820 on D:13: ... ###.[.......# ###.......# ##.....## ###...## . ###..# ... #..# ....###### #..# .........#####..# #.@........# #######....## #####.### ##..## ##..## ##..## ##..## ###.# ##. Turn 4884 on D:13: the stairs are nowhere far away from vault guards ...>..# #..........(..).. ......# #.......####'###. .....####.......#......#. #.............##.....##. #.............'......#.. #.............#......#.. #.............########.. #....................... ###.^....@................ #........##########....... #......(.......# #....... ................# #....... .........######..# ###..... #######..# #..# #..... #..# #..# #..... #..# .... #.#### '.. #z.## #.#... Turn 5364 on D:12: lol #.............########..####### #.......................# # ###.^....)................# # #........##########.......# # #......(.......# #.......# # ...............# #.......####### .......######..######............ #####..# #..##.# #........#### #..# #.#..#@#..#........#... #..# #....#...#.#####..#... '.. ##..####.#.#...#..#... .#.. '..... .# #...#..#... .#.. ####..## .# #...#.##... .... # #...'.#.... .#..# #...#.#.... .##..# #...#.'..<. ## #..# #...#.#.... Turn 5396 on D:12: what an amazing tso vault ### #.##....... . ♣♣♣#.# #.##......# .. ♣♣♣.i#.####.##..#...#... P..♣##...##.##..#...#..: . ♣.#8.....(....##>#.... ♣P. ♣.#..#......<......# ♣...♣g+...#...........#### ♣$.i#...##..........^... ♣P.W#8.@##.............. ♣"♣P.##.†.....<.......).. ♣ ♣♣.h#.................. ♣♣♣#.)................ #.................. ........#..###.#.... ..##..##....# ...### ## #.###..#.# .### ..# #....) Turn 5661 on D:14: note to self: tengu warriors are valid target for polymorph ### #.##....... .## ♣♣♣#.# #.##......# .... ♣♣♣.i#.####.##..#...#..... P..♣##...##.##..#...#..:.. . ♣.#8.....(....##>#.... ♣P. ♣.#..#......<......# ♣...♣.+...#...........####. ♣$.g#...##..........^..... ♣P.h#8..##@............... ♣"♣P.##.†.....<.......).... ♣ ♣♣.i#.................... ♣♣♣#.).................. #.................... ...u....#..###.#...... ...##..##....# ...#### #### #u###..#.# .### ..# #....) Turn 5667 on D:14: s...sonja? :d

#.................#
#.......o.........#
#.)...............#
#.................#
#)................#
#))...............#
###############))...............#
............)))))...............#
............))).@...............#
................................#
...............................##
................................#
................................#
...............................##
.....................^.........#
...............................#
................................#


Turn 6221 on Orc:2: wew .#.### #...#............. #...# ##..#............. .#.##
##............... ....# ##.....)⌠....... ....## ##......).)...... .....#
##..#....)...)...) ....#### #...#.....)....... .......# #A∩##.............
#......# #@##...#######...# .......# ###....# #...# ....#..# ##..)..#######...#
...##.## #...))............ ..## # #................. ...# #.....#########...
...# #....## ... ..## #### #...# ..# ##..### #### Turn 6920 on Orc:2: it's
absolutely awful ...##### #...## #.... .......## #....## #.... ........#
#.....#########.... #.......# #.................. .......## #..................
......## ##.))..#######...## ....### ###....# #...# .....# #∩##...#######...##
..#.## #.@##.............. #.### #.A.#.............. ...# ##..#..............
#.## ##................ ...# ##.....)⌠........ ...## ##......).)....... ....#
##..#....)...)...)) ...#### #...#.....)........ ......# #.∩##.............. Turn
6929 on Orc:2: and the one good thing i can't afford #......## #..##...##
#...##...### ### ##..####...## .. #####..####...# 8Y ##.##.#..###..## .#
#.#..#....##..# ..# ##.#.##..##..####..# #[#.##..##....@#..# #####..####.#....#
##.## ######## ##..# #...## ##...# #...## #...# #.∩.# Turn 8091 on IceCv: ...
##### ##...### ##### #......## ##....# #..##...## #@#.# #...##...####.#.###
##..####...####...# #####..####...##.°°## #.##.#..###..##°°.##
.#..#....##..###..# #.#.##..##..####°.# [#.##..##.....#..## ####..####.#....##
Turn 8115 on IceCv: wrong resistance lol #...# ##..#..# ...## ###...# ## ..##
##..## #. ..# ##..## #.# ..# ###..####..# .#####..### #..# ####...## ###..#
#.###..# ##...###### .#....####....!.@..# ###..####..#...⌠.?.#
....##≈#...##...$.## ..###≈≈###..####### ##≈≈≈≈≈##..## ##≈≈≈≈###..# .###.##...##
#.#.#....## #..#....## Turn 8271 on IceCv: second rcorr thing here ##########
##}.......# #[A.......#### . ##@..........##.# ###..#........# #####
#####......## ##...### ##.....## #.##...### ##....### ..####...# ##.).### .##
#..## ##..### .# ###.#########..## #########..##≈≈≈###..### Turn 8435 on IceCv:
impressively useless shit ########## ##}.......# #@A.......#### . #
##)..........##.# # ###..#........# # ##### #####......## ###...### ##.....##
##.##...### ##....### #..####...# ##.).### ..## #..## ##..### ..#
###.#########..## Turn 8436 on IceCv: only an rc plate ########## ##}.......#
#.).......#### . ##)...A@.....##.# ###..#........# # #####......## ### ##.....##
..### ##....### #...# ##.).### #..## ##..### ###.#########..##
####..##≈≈≈###..### Turn 8443 on IceCv: ring of intelligence woohoo .. . . w. .
.. ...#.....#. .. .#.#. ..... ... . .. #....!. ........ .. .. #^...#... ......#.
.s#..#....... #..#... ..<#.......... ..@.# .........##....#...##
......#........^@...# ...#...(#.##.#.#....# .......... .. ...#.# .............
....# .# .......#.s.. ...... # #.#......#. .....#.# .. .#..... #..#...#^ .......
.. Turn 9392 on Spider:2: ummm ### #..# #.#.### #..^.#### ##!#.....# #.^.^...##
###.#.<..## #.^...†.^.# ##...@##### #.##B# # ..# .... ..#^. ####.#^ #### Turn
9505 on Spider:2: uhhhhhh #.^...†.^.# #..^...# ##....######....##.# #.##.#
#...#.##°# #. ..# ....#####.# #..........# #..# # #..#^..#..# ##.## ..####.#^.#^
#..# ...##############.## ..........^...sy@.# .....#..#.....s####
...#.....#.....# [....##....#...# ..#....#.s.w#..# #..#.........###
.....#.....#..# ........#...^.# ..#...........# Turn 9686 on Spider:2: relec my
ass .... .##..####.#^.#^ ...#.......############ . ....#...........†^....
#..#..........#..#...... .......#...#.....#..).. ..#. #...[s...##...†#†.. .#.
.......#s#○..#....#....#.. #..#......#^sAs#..#.........##
....#w......w@○.....#.....#..# ........#.s#s#s......†.#...^.#
.........#.......#...........# ..#.....#^...#...........#..##
.#..s.s#..#........#..#)....# #......<#...............#...#
..............##....#...##### ....#......#........^<...#
.s......#...(#.##.#.#....# Turn 9798 on Spider:2: !!! ood from 3 tiles away,
okay

Levels and vault maps discovered:
D:1:      dpeg_arrival_shelter, layout_basic, ebering_ecumenical_altar_ruins
D:2:      layout_rooms
D:3:      layout_loops_ring, grunt_dithmenos_smoke, uniq_crazy_yiuf_cottage,
          uniq_sigmund
D:4:      layout_rooms, mainiacjoe_overflow_large_starburst, uniq_eustachio
D:5:      layout_basic, mainiacjoe_overflow_surrounded_room,
          guppyfry_early_lair_pool, uniq_blork_the_orc, uniq_duvessa
D:6:      layout_gridville, lemuel_blue_sif_altar, serial_shops, shop,
          minmay_misc_feat_x
D:7:      layout_gridville, lemuel_tele_altar, minmay_temple_entry_slanted
D:8:      layout_basic, nicolae_ru_great_annihilating_truth,
          david_lair_shrubbed, uniq_grum, uniq_psyche, uniq_pikel
D:9:      layout_rooms, general_overflow_altar, gammafunk_ghost_abyssal_escape,
          serial_bayou_lake_a
D:10:     layout_roguey, doesnt_xom_only_xom
D:11:     layout_irregular_city, hangedman_decor_growths
D:12:     hangedman_screamer, layout_irregular_city, orc_0_dummy,
          hangedman_decor_clover_reticule
D:13:     layout_cave_pods, erik_vaults_2
D:14:     layout_rooms, ebering_ghost_funeral_grove, hex_medium,
          nicolae_elemental_shop, uniq_kirke, uniq_agnes, uniq_josephine
Lair:1:   layout_gridlike
Lair:2:   layout_hall_layers, portal_ice_cave_entry_imps, st_stairs_8,
          ldierk_geyser
Lair:3:   layout_concentric_octagons, spider_nest_entry_funnel_web,
          hibernation_bobbens, uniq_rupert
Spider:1: layout_spider_delve
Spider:2: layout_spider_delve, nicolae_spider_stair_cavern, uniq_frances,
          uniq_donald
Orc:1:    layout_caves
Orc:2:    st_orc_congregation, layout_diamond_mine

Skill      XL: |  1  2  3  4  5  6  7  8  9 10 11 12 13 14 15 |
---------------+----------------------------------------------+-----
Maces & Flails | 1 2 4 5 6 8 9 11 12 14 15 | 15.0
Evocations     | 3 4 5 6 7 8 |  8.0
Fighting       | 2 3 4 5 7 8 10 11 13 15 16 | 16.4
Invocations    | 3 4 5 7 9 11 12 | 12.0
Dodging        | 1 2 |  2.0
Armour         | 3 5 6 |  6.5
Shields        | 5 6 7 |  7.9
Stealth        | |  1.1

Action                   |  1- 3 |  4- 6 |  7- 9 | 10-12 | 13-15 || total
-------------------------+-------+-------+-------+-------+-------++-------
Melee: Whip              |    90 |     2 |       |       |       ||    92
       Club              |     9 |       |       |       |       ||     9
       Flail             |       |    88 |    55 |       |       ||   143
       Punch             |       |     2 |     5 |     1 |       ||     8
       Mace              |       |       |   133 |   431 |   948 ||  1512
 Fire: Hunting sling     |    17 |    28 |     9 |       |       ||    54
       Shortbow          |       |       |     5 |     1 |       ||     6
Throw: Dart              |       |       |       |       |     2 ||     2
       Javelin           |       |       |       |       |     1 ||     1
Invok: Divine Shield     |       |     1 |     4 |     7 |    14 ||    26
       Cleansing Flame   |       |       |       |     1 |     4 ||     5
       Summon Divine War |       |       |       |       |     4 ||     4
Evoke: Wand              |     7 |     6 |     5 |    17 |    13 ||    48
  Use: Scroll            |       |       |     3 |     5 |    11 ||    19
       Potion            |       |       |       |       |     2 ||     2
Armor: Leather armour    |    11 |       |    71 |    54 |       ||   136
       Ring mail         |    25 |    47 |    35 |       |       ||   107
       Troll leather arm |       |       |       |   172 |   420 ||   592
Dodge: Dodged            |    74 |    41 |   134 |   196 |   380 ||   825
Block: Other             |       |     3 |    25 |     8 |       ||    36
       Buckler           |       |       |       |   112 |   382 ||   494

Table legend: (Time is in decaauts)
 A = Elapsed time spent in this place.
 B = Non-inter-level travel time spent in this place.
 C = Inter-level travel time spent in this place.
 D = Time resting spent in this place.
 E = Time spent auto-exploring this place.
 F = Levels seen in this place.
 G = Mean time per level.
                   A        B        C        D        E       F      G
               +--------+--------+--------+--------+--------+-----+--------+
         Total |   9736 |   9356 |    380 |    755 |      0 |  22 |  442.5 |
       Dungeon |   6045 |   5740 |    305 |    585 |      0 |  14 |  431.8 |
          Lair |    578 |    578 |      0 |      0 |      0 |   3 |  192.7 |
   Spider Nest |   1097 |   1041 |     56 |     67 |      0 |   2 |  548.5 |
  Orcish Mines |   1422 |   1404 |     18 |      3 |      0 |   2 |  711.0 |
      Ice Cave |    592 |    592 |      0 |    100 |      0 |   1 |  592.0 |
               +--------+--------+--------+--------+--------+-----+--------+

Top non-repeatable levels by time:
   Orc:2: 1042 daAuts
Spider:1: 748 daAuts
    D:12: 693 daAuts
    D:10: 663 daAuts
    D:13: 657 daAuts
     D:5: 617 daAuts
   IceCv: 592 daAuts
     D:3: 501 daAuts
     D:8: 462 daAuts
     D:1: 440 daAuts
     D:4: 433 daAuts
   Orc:1: 379 daAuts
Spider:2: 349 daAuts
     D:2: 348 daAuts
    D:11: 324 daAuts
